 Dungeon Crawl Stone Soup version 0.21.1-1-g345015f (webtiles) character file.

3726 goulibeur the Schismatic (level 9, -1/71 HPs)
             Began as a Demonspawn Abyssal Knight on June 10, 2018.
             Was an Elder of Lugonu.
             Slain by a killer bee (3 damage)
             ... on level 8 of the Dungeon on June 14, 2018.
             The game lasted 01:06:20 (11252 turns).

goulibeur the Schismatic (DsAK)                    Turns: 11252, Time: 01:06:21

Health: -1/71      AC: 18    Str: 13    XL:     9   Next: 92%
Magic:  17/17      EV:  6    Int: 14    God:    Lugonu [****..]
Gold:   548        SH:  6    Dex: 18    Spells: 8/8 levels left

rFire    + . .     SeeInvis .   G - +3 war axe "Satzerch" {chop, Dex+3}
rCold    + . .     Gourm    +   t - +0 buckler
rNeg     + . .     Faith    .   k - +0 plate armour
rPois    +         Spirit   .   (helmet restricted)
rElec    +         Reflect  .   y - +0 cloak
rCorr    +         Harm     .   n - +0 pair of gloves
MR       .....                  (no boots)
Stlth    ..........             K - amulet of the gourmand
HPRegen  0.21/turn              r - ring of positive energy
MPRegen  0.15/turn              B - ring of stealth

@: lethally poisoned (-1 -> -12), resistant
A: antennae 2, icy blue scales 2, demonic guardian 1, rot immunity
a: Depart the Abyss, Bend Space, Banish, Corrupt, Renounce Religion


You were on level 8 of the Dungeon.
You worshipped Lugonu.
Lugonu was greatly pleased with you.
You were very full.

You visited 1 branch of the dungeon, and saw 8 of its levels.
You visited the Abyss 1 time.

You collected 548 gold pieces.

Inventory:

Hand Weapons
 a - a +1 short sword
 o - a +3 trident of venom
 s - a +0 flail
 G - the +3 war axe "Satzerch" (weapon) {chop, Dex+3}
   (You found it on level 6 of the Dungeon)

   It inflicts extra damage upon your enemies.
   It affects your dexterity (+3).
Armour
 b - a +0 leather armour
 k - a +0 plate armour (worn)
 n - a +0 pair of gloves (worn)
 t - a +0 buckler (worn)
 y - a +0 cloak (worn)
Jewellery
 h - an uncursed amulet of inaccuracy
 r - a ring of positive energy (left hand)
 v - an uncursed ring of positive energy
 B - a ring of stealth (right hand)
 D - an uncursed ring of wizardry
 K - an amulet of the gourmand (around neck)
Wands
 l - a wand of iceblast (7)
 E - a wand of acid (2)
 H - a wand of flame (15)
Scrolls
 f - 4 scrolls of teleportation
 i - 2 scrolls of enchant weapon
 j - 3 scrolls of amnesia
 p - a scroll of enchant armour {unknown}
 q - a scroll of fog {unknown}
 u - 4 scrolls of blinking {unknown}
 z - 5 scrolls of remove curse
 C - a scroll of identify
Potions
 d - a potion of resistance
 e - 3 potions of brilliance
 g - a potion of haste {unknown}
 m - 2 potions of flight
 w - 2 potions of degeneration
 F - a potion of lignification
 I - a potion of invisibility {unknown}
 J - a potion of heal wounds {unknown}
Comestibles
 c - 10 rations


   Skills:
 + Level 6.7 Fighting
 - Level 1.7 Short Blades
 + Level 5.6 Armour
 + Level 5.3 Dodging
 + Level 4.5 Shields
 * Level 11.1 Invocations


You had 8 spell levels left.
You didn't know any spells.

Dungeon Overview and Level Annotations

Branches:
Dungeon (8/15)             Temple (0/1) D:7
   Lair: D:8-11

Altars:
Fedhas
Makhleb
Ru
Trog
Uskayaw
Wu Jian

Shops:
D:6 *   D:7 [


Innate Abilities, Weirdness & Mutations

You have a pair of antennae on your head.
You are mostly covered in icy blue scales. (AC +3)
A weak demonic guardian rushes to your aid.
You are immune to rotting.


Message History

You hit the killer bee.
The killer bee is moderately wounded.
You feel sick. You block the killer bee's attack.
The killer bee stings you but does no damage. x2
Your plate armour prevents you from hitting the killer bee.
The killer bee is moderately wounded.
You feel sick.
The killer bee stings you but does no damage.
The killer bee stings you.
* * * LOW HITPOINT WARNING * * *
The killer bee stings you.
* * * LOW HITPOINT WARNING * * *
You are lethally poisoned!
The killer bee poisons you!
You feel protected.
* * * LOW HITPOINT WARNING * * *
You feel sick. The killer bee stings you.
* * * LOW HITPOINT WARNING * * *
The killer bee stings you.
You die...

#.#.....#
#..............
#..[..#.#
#.....##.).#...
###...#.#
#..........#...
#.#.#.#
########.......
#.....# ###<##..
###.####### #....(
#.......######## ##.#
#.#####........# #..
#..y@##...###..# #..
#.##.##...###..####y.
#...........).y......
########..###..#####.
#.......# #.
##......# #..
######## #.# #. #.


You could see a killer bee.

Vanquished Creatures
  The ghost of RottenKnight the Conjurer, an amateur DrCj (D:4)
  A sky beast (D:8)
  An ice beast (D:7)
  2 black bears
  2 orc warriors
  3 ogres
  A phantom (D:7)
  2 necrophages
  2 centaurs
  2 bullfrogs
  A scorpion (D:7)
  12 killer bees
  A howler monkey (D:6)
  5 crimson imps
  A bullfrog zombie (D:8)
  2 hounds (D:8)
  3 orc priests
  Crazy Yiuf (D:3)
  3 orc wizards
  A centaur skeleton (D:7)
  An iguana (D:5)
  2 worker ants
  A howler monkey zombie (D:7)
  10 adders
  8 gnolls
  A shadow imp (D:5)
  3 oozes
  4 worms
  An adder skeleton (D:5)
  2 adder zombies
  A dart slug (D:1)
  6 leopard geckos
  23 orcs
  4 ball pythons
  6 bats
  8 giant cockroaches
  10 goblins
  6 hobgoblins
  8 jackals
  7 kobolds
  4 quokkas
  A ball python zombie (D:5)
  7 frilled lizards
  2 leopard gecko skeletons
  6 rats
179 creatures vanquished.

Vanquished Creatures (collateral kills)
  Grinder (D:3)
  A hippogriff (D:8)
  Purgy (D:3)
  2 ice beasts
  An ogre (D:5)
  A water moccasin zombie (D:5)
  3 killer bees
  A gnoll (D:4)
  An adder (D:7)
  4 orcs
16 creatures vanquished.

Vanquished Creatures (others)
  The ghost of emiel the Quickloader, a novice CeHu of Cheibriados (D:8)
  An orc wizard (D:8)
2 creatures vanquished.

Grand Total: 197 creatures vanquished

Notes
Turn   | Place    | Note
-------+----------+-------------------------------------------
     0 | Abyss:1  | goulibeur the Demonspawn Abyssal Knight began the quest for the Orb.
     0 | Abyss:1  | Reached XP level 1. HP: 18/18 MP: 2/2
   106 | Abyss:1  | Noticed a wretched star
   107 | D:1      | Escaped the Abyss
   130 | D:1      | Reached skill level 1 in Dodging
   163 | D:1      | Reached * piety under Lugonu
   256 | D:1      | Gained mutation: You are partially covered in icy blue scales. (AC +2) [demonic ancestry]
   256 | D:1      | Reached XP level 2. HP: 24/24 MP: 4/4
   265 | D:1      | Reached skill level 3 in Invocations
   660 | D:1      | Gained mutation: You have a pair of small antennae on your head. [demonic ancestry]
   660 | D:1      | Reached XP level 3. HP: 28/29 MP: 5/5
  1335 | D:2      | Found a bloodstained altar of Trog.
  1380 | D:2      | Reached skill level 4 in Invocations
  1697 | D:2      | Gained mutation: You are immune to rotting. [demonic ancestry]
  1697 | D:2      | Reached XP level 4. HP: 32/35 MP: 7/7
  2054 | D:2      | Reached ** piety under Lugonu
  2414 | D:2      | Gained mutation: A weak demonic guardian rushes to your aid. [demonic ancestry]
  2414 | D:2      | Reached XP level 5. HP: 28/42 MP: 8/8
  2867 | D:3      | Found a runed door.
  2977 | D:3      | Noticed Grinder
  2980 | D:3      | Paralysed by Grinder for 2 turns
  3015 | D:3      | Paralysed by Grinder for 5 turns
  3020 | D:3      | Killed Grinder
  3020 | D:3      | Reached skill level 5 in Invocations
  3020 | D:3      | Gained mutation: You have a pair of antennae on your head. [demonic ancestry]
  3020 | D:3      | Reached XP level 6. HP: 20/48 MP: 8/10
  3657 | D:3      | Reached skill level 6 in Invocations
  4102 | D:3      | Noticed Purgy
  4108 | D:3      | Killed Purgy
  4505 | D:3      | Noticed Crazy Yiuf
  4511 | D:3      | Killed Crazy Yiuf
  5037 | D:4      | Reached skill level 1 in Shields
  5037 | D:4      | Gained mutation: You are mostly covered in icy blue scales. (AC +3) [demonic ancestry]
  5037 | D:4      | Reached XP level 7. HP: 39/55 MP: 11/11
  5095 | D:4      | Noticed RottenKnight's ghost (amateur DrCj)
  5105 | D:4      | Killed RottenKnight's ghost
  5147 | D:4      | Found a blossoming altar of Fedhas.
  5429 | D:4      | Reached skill level 7 in Invocations
  5554 | D:5      | Entered Level 5 of the Dungeon
  5567 | D:5      | Reached *** piety under Lugonu
  5871 | D:5      | Reached XP level 8. HP: 28/61 MP: 13/13
  6065 | D:5      | Reached skill level 5 in Fighting
  6256 | D:5      | Reached skill level 8 in Invocations
  6541 | D:5      | Found a sacrificial altar of Ru.
  6550 | D:5      | Found an ornate altar of the Wu Jian Council.
  6947 | D:6      | Found Fiseyggi's Assorted Antiques.
  7136 | D:6      | Got a twisted war axe
  7137 | D:6      | Identified the +3 war axe "Satzerch" {chop, Dex+3} (You found it on level 6 of the Dungeon)
  7269 | D:6      | Reached skill level 9 in Invocations
  7748 | D:7      | Reached **** piety under Lugonu
  7866 | D:7      | Found Intena's Antique Armour Emporium.
  8085 | D:7      | Found a burning altar of Makhleb.
  8111 | D:7      | Found a staircase to the Ecumenical Temple.
  8261 | D:7      | Reached XP level 9. HP: 54/69 MP: 16/16
  8928 | D:7      | Reached skill level 5 in Armour
  8932 | D:7      | Reached skill level 10 in Invocations
 10121 | D:8      | Noticed emiel's ghost (novice CeHu)
 10137 | D:8      | Reached skill level 5 in Dodging
 10156 | D:8      | Banished emiel's ghost
 10207 | D:8      | Found a hide-covered altar of Uskayaw.
 10223 | D:8      | Reached skill level 11 in Invocations
 10675 | D:8      | HP: 3/71 [killer bee (5)]
 10677 | D:8      | HP: 1/71 [poisoned by a killer bee]
 11252 | D:8      | HP: 2/71 [killer bee (6)]
 11252 | D:8      | Slain by a killer bee

Skill      XL: |  1  2  3  4  5  6  7  8  9 |
---------------+----------------------------+-----
Dodging        | 1 2 3 4 5 |  5.3
Invocations    | 3 4 5 6 7 9 11 | 11.1
Armour         | 2 3 4 5 |  5.6
Fighting       | 4 5 6 |  6.7
Shields        | 1 2 3 4 |  4.5
Short Blades   | |  1.7

Action                   |  1- 3 |  4- 6 |  7- 9 || total
-------------------------+-------+-------+-------++-------
Melee: Short sword       |   168 |   188 |       ||   356
       Flail             |       |   130 |       ||   130
       Trident           |       |    31 |   180 ||   211
       War axe           |       |       |   332 ||   332
Invok: Depart the Abyss  |     1 |       |       ||     1
       Banish            |       |       |     3 ||     3
Evoke: Wand              |       |       |     2 ||     2
  Use: Scroll            |     2 |     1 |     6 ||     9
       Potion            |       |       |     5 ||     5
 Stab: Sleeping          |     2 |       |       ||     2
       Distracted        |       |       |     2 ||     2
  Eat: Chunk             |     2 |    12 |    33 ||    47
       Ration            |       |       |     2 ||     2
Armor: Leather armour    |    14 |       |       ||    14
       Plate armour      |   126 |   268 |   481 ||   875
Dodge: Dodged            |    42 |    57 |   156 ||   255
Block: Buckler           |       |     6 |   193 ||   199
